 Dungeon Crawl Stone Soup version 0.22.1-5-g62c59d919a (webtiles) character file.

12126 Riddle the Fighter (level 12, -9/100 HPs)
             Began as a Formicid Fighter on Jan 15, 2019.
             Was an Elder of Uskayaw.
             Mangled by a six-headed hydra (10 damage)
             ... on level 1 of the Lair of Beasts.
             The game lasted 00:27:18 (11430 turns).

Riddle the Fighter (Formicid Fighter)              Turns: 11430, Time: 00:27:20

Health: -9/100     AC: 19    Str: 25    XL:     12   Next: 16%
Magic:  1/12       EV: 10    Int:  9    God:    Uskayaw [****..]
Gold:   571        SH: 12    Dex: 10    Spells: 11/11 levels left

rFire    . . .     SeeInvis +   t - +5 war axe (vamp)
rCold    . . .     Gourm    .   c - +0 shield
rNeg     . . .     Faith    +   K - +4 plate armour
rPois    .         Spirit   .   (helmet unavailable)
rElec    .         Reflect  .   F - scarf {cloud immunity}
rCorr    +         Harm     .   (no gloves)
MR       +....                  (no boots)
Stlth    ..........             b - amulet of faith
HPRegen  0.26/turn              l - ring of resist corrosion
MPRegen  0.13/turn              r - +3 ring of evasion

@: lethally poisoned (-9 -> -14)
A: permanent stasis, dig shafts and tunnels, four strong arms, antennae 3
a: Dig, Shaft Self, Stomp, Line Pass, Renounce Religion


You were on level 1 of the Lair of Beasts.
You worshipped Uskayaw.
Uskayaw was noncommittal.
You were not hungry.

You visited 3 branches of the dungeon, and saw 11 of its levels.
You also visited: Sewer.

You collected 571 gold pieces.

Inventory:

Hand Weapons
 t - a +5 vampiric war axe (weapon)
 M - a +0 battleaxe
Armour
 c - a +0 shield (worn)
 F - a scarf of cloud immunity (worn)
 K - a +4 plate armour (worn)
Jewellery
 b - an amulet of faith (around neck)
 d - an uncursed ring of ice
 l - a ring of resist corrosion (left hand)
 r - a +3 ring of evasion (right hand)
 u - an uncursed ring of fire
Wands
 i - a wand of random effects (69)
 j - a wand of polymorph (10)
 v - a wand of disintegration (18)
 B - a wand of flame (60)
 I - a wand of paralysis (9)
Scrolls
 g - 5 scrolls of identify
 m - 2 scrolls of noise {unknown}
 o - 3 scrolls of random uselessness
 p - 2 scrolls of remove curse
 w - a scroll of fear {unknown}
 x - 4 scrolls of enchant armour {unknown}
 y - a scroll of immolation {unknown}
 E - 2 scrolls of amnesia {unknown}
 H - a scroll of holy word {unknown}
Potions
 a - a potion of cancellation {unknown}
 e - 5 potions of curing {unknown}
 h - 2 potions of heal wounds {unknown}
 q - 2 potions of might
 s - 2 potions of degeneration {unknown}
 z - 2 potions of agility
 A - a potion of haste {unknown}
 C - 2 potions of berserk rage {unknown}
 D - 3 potions of flight {unknown}
 G - a potion of mutation {unknown}
 J - 2 potions of brilliance {unknown}
 L - a potion of resistance {unknown}
Comestibles
 f - 16 rations
 n - 2 chunks of flesh


   Skills:
 + Level 11.6 Fighting
 + Level 9.5(9.6) Axes
   Level 2.0(6.3) Maces & Flails
 + Level 11.6 Armour
 - Level 9.0 Shields


You had 11 spell levels left.
You didn't know any spells.
Your spell library contained the following spells:

 Spells                   Type           Power        Failure   Level  Hunger
 Corona                   Hex            #......      98%         1    ##.....
 Shock                    Conj/Air       #...         98%         1    ##.....
 Summon Small Mammal      Summ           #...         98%         1    ##.....
 Call Imp                 Summ           #.......     99%         2    ###....
 Ensorcelled Hibernation  Hex/Ice        #.....       99%         2    ###....
 Swiftness                Chrm/Air       #.......     99%         2    ###....
 Call Canine Familiar     Summ           #.......     100%        3    ####...
 Confuse                  Hex            #.......     100%        3    ####...
 Dazzling Spray           Conj/Hex       #.....       100%        3    ####...
 Static Discharge         Conj/Air       #.......     100%        3    ####...
 Summon Guardian Golem    Hex/Summ       #.......     100%        3    ####...
 Tukima's Dance           Hex            #.......     100%        3    ####...
 Airstrike                Air            #.........   100%        4    #####..
 Summon Ice Beast         Ice/Summ       #.......     100%        4    #####..
 Summon Lightning Spire   Summ/Air       #.......     100%        4    #####..
 Lightning Bolt           Conj/Air       #.........   100%        5    ######.


Dungeon Overview and Level Annotations

Branches:
Dungeon (9/15)             Temple (1/1) D:7            Lair (1/6) D:9
    Orc (0/2) D:9

Altars:
Ashenzari
Cheibriados
Dithmenos
Elyvilon
Fedhas
Gozag
Hepliaklqana
Kikubaaqudgha
Makhleb
Nemelex Xobeh
Okawaru
Qazlal
Ru
Sif Muna
Trog
Uskayaw
Vehumet
Wu Jian
Xom
Yredelemnul
Zin
The Shining One

Shops:
D:8 =   D:9 ([

Annotations:
D:4 Ykky's ghost, amateur OpTm
D:9 3 runed doors, Adamkad1's ghost, novice OgTm
Lair:1 Prince Ribbit


Innate Abilities, Weirdness & Mutations

You cannot be hasted, slowed, berserked, paralysed or teleported.
You can dig through walls and to a lower floor.
Your four strong arms can wield two-handed weapons with a shield.
You have a pair of large antennae on your head. (SInv)


Message History

Aim: a six-headed hydra (heavily wounded, chance to defeat MR: 15%)
Okay, then.
Aiming: Disintegrate
Press: ? - help, Shift-Dir - straight line, f/p - six-headed hydra
Aim: a six-headed hydra (heavily wounded, chance to defeat MR: 30%)
Okay, then.
You feel sick.
You feel sick. You block the komodo dragon's attack.
You feel sick. The komodo dragon bites you!
* * * LOW HITPOINT WARNING * * *
You extend your mandibles.
You dig through the rock wall.
You feel sick.
You dig through the rock wall.
You feel sick.
The six-headed hydra completely misses you.
You block the six-headed hydra's attack.
The six-headed hydra bites you but does no damage.
The six-headed hydra bites you!
* * * LOW HITPOINT WARNING * * *
The six-headed hydra bites you!
You die...

............#
............#
.....>......#
............#
..........##
..........#
#...†))# ♣♣♣♣♣♣♣
#@##..# ...♣♣.♣♣
##D#..#
♣♣...♣.♣♣♣♣♣♣♣
##l..##
♣♣♣♣♣♣......♣♣
##...#
♣♣♣♣♣♣♣.♣####..##
♣ ♣♣...#...## ♣
♣♣#......# ♣
###...## ####...#


You could see a six-headed hydra and a komodo dragon.

Vanquished Creatures
  A two-headed ogre (D:9)
  The ghost of Adamkad1 the Chucker, a novice TrHu of Okawaru (D:3)
  A black mamba (Lair:1)
  2 spiny frogs (Lair:1)
  A komodo dragon (Lair:1)
  The ghost of rumpelstilzz the Chucker, an amateur TrAM (D:4)
  A troll (D:9)
  4 blink frogs (Lair:1)
  2 hippogriffs (Lair:1)
  5 spriggans (Lair:1)
  The ghost of Skull the Firebug, an amateur GrFE of Vehumet (D:3)
  Grum (Lair:1)
  5 yaks
  The ghost of coier1 the Skirmisher, an amateur GnWn of Okawaru (D:4)
  2 hungry ghosts
  Duvessa (D:6)
  5 porcupines
  4 water moccasins (Lair:1)
  A necrophage (D:7)
  An ice beast (D:8)
  2 sky beasts
  2 ogres (D:9)
  9 orc warriors
  2 black bears (D:9)
  2 wolves (Lair:1)
  7 centaurs
  2 big kobolds (D:9)
  4 crocodiles
  Blork the orc (D:6)
  13 bullfrogs
  4 gnoll sergeants (D:9)
  Dowan (D:6)
  3 scorpions
  2 howler monkeys
  2 crimson imps
  A centaur zombie (D:7)
  3 hounds
  Crazy Yiuf (D:2)
  2 jellies
  4 orc priests
  8 orc wizards
  An iguana (D:4)
  2 worker ants (D:6)
  A worker ant zombie (D:8)
  Robin (D:3)
  13 adders
  2 gnolls (D:9)
  12 oozes
  2 adder skeletons
  4 worms
  13 leopard geckos
  50 orcs
  8 bats
  14 giant cockroaches
  20 goblins
  11 hobgoblins
  17 jackals
  2 quokkas
  15 ball pythons
  11 frilled lizards
  A goblin skeleton (D:5)
  2 goblin zombies (D:5)
  3 hobgoblin zombies (D:5)
  2 kobolds (D:1)
  2 kobold skeletons (D:5)
  9 rats
  A fungus (D:9)
335 creatures vanquished.

Vanquished Creatures (others)
  2 fungi (D:9)
  A plant (D:9)
3 creatures vanquished.

Grand Total: 338 creatures vanquished

Notes
Turn   | Place    | Note
-------+----------+-------------------------------------------
     0 | D:1      | Riddle the Formicid Fighter began the quest for the Orb.
     0 | D:1      | Reached XP level 1. HP: 18/18 MP: 1/1
   100 | D:1      | Reached XP level 2. HP: 23/24 MP: 2/2
   664 | D:1      | Reached XP level 3. HP: 28/30 MP: 3/3
  1397 | D:2      | Reached XP level 4. HP: 32/37 MP: 4/4
  1812 | D:2      | Found a runed door.
  2162 | D:2      | Noticed Crazy Yiuf
  2426 | D:2      | Killed Crazy Yiuf
  2426 | D:2      | Reached XP level 5. HP: 25/42 MP: 5/5
  2852 | D:3      | Reached skill level 5 in Shields
  3463 | D:3      | Noticed Robin
  3505 | D:3      | Reached XP level 6. HP: 10/49 MP: 6/6
  3795 | D:3      | Killed Robin
  4056 | D:4      | Reached skill level 5 in Armour
  4059 | D:4      | Reached skill level 5 in Fighting
  4245 | D:4      | Reached XP level 7. HP: 41/56 MP: 7/7
  4394 | D:4      | Found a runed gate.
  4394 | D:4      | Found a runed gate.
  4395 | D:4      | Found a runed gate.
  4396 | D:4      | Noticed Ykky's ghost (amateur OpTm)
  4397 | D:4      | Noticed rumpelstilzz's ghost (amateur TrAM)
  4397 | D:4      | Noticed coier1's ghost (amateur GnWn)
  4397 | D:4      | Noticed Skull's ghost (amateur GrFE)
  4397 | D:4      | Noticed Adamkad1's ghost (novice TrHu)
  4461 | D:4      | Reached skill level 1 in Axes
  4526 | D:4      | Found a hazy altar of Hepliaklqana.
  4670 | D:5      | Entered Level 5 of the Dungeon
  4983 | D:5      | Found a glowing golden altar of the Shining One.
  5475 | D:5      | Found a sparkling altar of Nemelex Xobeh.
  5476 | D:5      | Found a glowing golden altar of the Shining One.
  5732 | D:3      | Killed Skull's ghost
  5732 | D:3      | Reached XP level 8. HP: 52/64 MP: 8/8
  5809 | D:3      | Killed Adamkad1's ghost
  5902 | D:4      | Got a pair of smoking boots
  5978 | D:4      | Killed coier1's ghost
  6015 | D:4      | Killed rumpelstilzz's ghost
  6015 | D:4      | Reached XP level 9. HP: 60/71 MP: 9/9
  6071 | D:4      | Identified the cursed +0 pair of boots "Bocoih" {Str-2
                  | Int+8} (You found it on level 4 of the Dungeon)
  6136 | D:6      | Found a glowing drain.
  6199 | D:6      | Noticed Duvessa
  6199 | D:6      | Noticed Dowan
  6242 | D:6      | Killed Duvessa
  6252 | D:6      | Killed Dowan
  6424 | Sewer    | Entered a sewer
  7004 | D:6      | Noticed Blork the orc
  7012 | D:6      | Killed Blork the orc
  7079 | D:6      | Reached skill level 5 in Axes
  7511 | D:6      | Found a shattered altar of Ashenzari.
  7526 | D:6      | Reached XP level 10. HP: 80/80 MP: 10/10
  8227 | D:7      | Found a staircase to the Ecumenical Temple.
  8311 | Temple   | Entered the Ecumenical Temple
  8542 | D:7      | Found an iron altar of Okawaru.
  8688 | D:7      | Got a dazzling spear
  8689 | D:7      | Identified the +3 spear "Pedwim" {pain, *Corrode rC+ MR+
                  | Int+4} (You found it on level 7 of the Dungeon)
  8882 | D:8      | Found Foej's Jewellery Boutique.
  9232 | D:8      | Noticed a two-headed ogre
  9412 | D:8      | Found a blossoming altar of Fedhas.
  9854 | D:9      | Found a staircase to the Lair.
  9985 | D:9      | Noticed Adamkad1's ghost (novice OgTm)
  9986 | D:9      | Noticed a yaktaur captain
  9987 | D:9      | Found a runed gate.
  9987 | D:9      | Found a runed gate.
  9987 | D:9      | Found a runed gate.
 10190 | D:9      | Noticed a two-headed ogre
 10307 | D:9      | Found an ornate altar of the Wu Jian Council.
 10307 | D:9      | Found a stormy altar of Qazlal.
 10307 | D:9      | Found a snail-covered altar of Cheibriados.
 10308 | D:9      | Found an opulent altar of Gozag.
 10309 | D:9      | Found a sacrificial altar of Ru.
 10309 | D:9      | Found a hide-covered altar of Uskayaw.
 10309 | D:9      | Found a basalt altar of Yredelemnul.
 10310 | D:9      | Found a bloodstained altar of Trog.
 10362 | D:9      | Became a worshipper of Uskayaw the Reveler
 10377 | D:9      | Reached * piety under Uskayaw
 10378 | D:9      | Reached ** piety under Uskayaw
 10380 | D:9      | Reached *** piety under Uskayaw
 10381 | D:9      | Killed a two-headed ogre
 10381 | D:9      | Reached skill level 10 in Fighting
 10381 | D:9      | Reached skill level 10 in Armour
 10381 | D:9      | Reached XP level 11. HP: 67/90 MP: 11/11
 10475 | D:9      | Found Buod's Antique Armour Shop.
 10543 | D:9      | Found a staircase to the Orcish Mines.
 10549 | D:9      | Reached **** piety under Uskayaw
 10551 | D:9      | Reached ***** piety under Uskayaw
 10554 | D:9      | Reached ****** piety under Uskayaw
 10664 | D:9      | Found Feenup's Weapon Shoppe.
 10743 | Lair:1   | Entered Level 1 of the Lair of Beasts
 10749 | Lair:1   | Noticed Prince Ribbit
 11087 | Lair:1   | Noticed Grum
 11101 | Lair:1   | Killed Grum
 11340 | Lair:1   | Reached XP level 12. HP: 100/100 MP: 12/12
 11409 | Lair:1   | Noticed a four-headed hydra
 11430 | Lair:1   | HP: 1/100 [six-headed hydra (8)]
 11430 | Lair:1   | Mangled by a six-headed hydra

Skill      XL: |  1  2  3  4  5  6  7  8  9 10 11 |
---------------+----------------------------------+-----
Shields        | 4 5 6 7 8 9 |  9.0
Armour         | 4 5 6 8 10 11 | 11.6
Fighting       | 4 5 6 8 10 11 | 11.6
Axes           | 2 3 5 7 9 |  9.5
Maces & Flails | |  2.0

Action                   |  1- 3 |  4- 6 |  7- 9 | 10-12 || total
-------------------------+-------+-------+-------+-------++-------
Melee: Flail             |   146 |    96 |       |       ||   242
       Quarterstaff      |       |   111 |       |       ||   111
       War axe           |       |    22 |   370 |   349 ||   741
Invok: Stomp             |       |       |       |     4 ||     4
 Abil: Dig               |     2 |     5 |     1 |     1 ||     9
  Use: Scroll            |     1 |       |     5 |     4 ||    10
       Potion            |       |     1 |       |       ||     1
 Stab: Paralysed         |       |       |       |    32 ||    32
  Eat: Chunk             |     2 |    10 |     6 |    10 ||    28
       Ration            |       |     2 |     1 |     2 ||     5
Armor: Scale mail        |    91 |   122 |    21 |       ||   234
       Chain mail        |       |       |   132 |    82 ||   214
       Plate armour      |       |       |       |   130 ||   130
Dodge: Dodged            |    67 |   112 |   117 |   181 ||   477
Block: Shield            |   106 |   175 |   238 |   285 ||   804
